 Dungeon Crawl Stone Soup version 0.29.1-2-gbd0b4ee654 (webtiles) character file.

Game seed: 7618002416987080429

1221 rottenturd the Ruffian (level 8, -2/78 HPs)
             Began as a Troll Fighter on Nov 20, 2022.
             Was a Follower of Trog.
             Killed by nerve-wracking pain
             ... invoked by Grinder
              (12 damage)
             ... on level 6 of the Dungeon.
             The game lasted 00:31:36 (2771 turns).

rottenturd the Ruffian (Troll Fighter)              Turns: 2771, Time: 00:31:37

Health: -2/78      AC:  4    Str: 27    XL:     8   Next: 23%
Magic:  7/7        EV: 10    Int:  4    God:    Trog [*.....]
Gold:   167        SH:  0    Dex:  9    Spells: 7/7 levels left

rFire   + . .      SeeInvis .     - Unarmed
rCold   . . .      Faith    .   (no shield)
rNeg    . . .      Spirit   .   a - +0 robe
rPois   .          Reflect  .   (helmet restricted)
rElec   .          Harm     +   h - scarf {harm}
rCorr   .          Rampage  .   (gloves unavailable)
Will    .....                   (boots unavailable)
Stlth   +.........              (no amulet)
HPRegen 1.03/turn               n - ring of protection from fire
MPRegen 0.10/turn               (no ring)

@: no status effects
A: large, unfitting armour, claws 3, regeneration 1, shaggy fur 1, tough skin 1
a: Renounce Religion, Berserk


You were on level 6 of the Dungeon.
You worshipped Trog.
Trog was aware of your devotion.
You visited 2 branches of the dungeon, and saw 7 of its levels.

You collected 167 gold pieces.

Inventory:

Hand Weapons
 b - a +3 scythe of protection
Missiles
 m - 6 poisoned darts (quivered)
Armour
 a - a +0 robe (worn)
 h - a scarf of harm (worn)
Jewellery
 n - a ring of protection from fire (left claw)
 r - an amulet of guardian spirit
 t - an amulet of the acrobat
 w - an amulet of regeneration
Wands
 q - a wand of digging (5)
Scrolls
 d - 4 scrolls of butterflies {unknown}
 g - a scroll of amnesia {unknown}
 i - 2 scrolls of identify {unknown}
 j - 3 scrolls of teleportation {unknown}
 k - a scroll of vulnerability {unknown}
 o - a scroll of magic mapping {unknown}
 s - a scroll of noise {unknown}
 v - a scroll of immolation {unknown}
Potions
 c - 2 potions of might
 e - a potion of curing
 f - a potion of flight {unknown}
 l - 2 potions of attraction
 p - 4 potions of haste {unknown}
 u - a potion of mutation {unknown}


   Skills:
 + Level 4.1 Fighting
 + Level 2.2 Polearms
 + Level 0.1 Throwing
 + Level 4.2 Dodging
 + Level 0.6 Stealth
 + Level 3.2 Shields
 + Level 7.1 Unarmed Combat


You had 7 spell levels left.
You didn't know any spells.
Your spell library contained the following spells:

 Spells                   Type           Power      Damage    Failure   Level
 Blink                    Tloc           0%         N/A       65%         2
 Lesser Beckoning         Tloc           0%         N/A       86%         3
 Manifold Assault         Tloc           0%         N/A       100%        5


Dungeon Overview and Level Annotations

Branches:
Dungeon (6/15)             Temple (1/1) D:4

Altars:
Cheibriados
Dithmenos
Elyvilon
Gozag
Kikubaaqudgha
Makhleb
Nemelex Xobeh
Okawaru
Sif Muna
Trog
Uskayaw
Xom
Yredelemnul
The Shining One

Annotations:
D:6 Grinder


Innate Abilities, Weirdness & Mutations

You are too large for most types of armour.
You have claws for hands.
Your natural rate of healing is unusually fast.
You are covered in fur. (AC +1)
You have tough skin. (AC +1)


Message History

A gnoll bouda comes into view. It is wielding a +0 whip.
The gnoll barely misses you.
You scratch the gnoll.
The gnoll is moderately wounded.
The gnoll barely misses you.
You scratch the gnoll.
The gnoll is severely wounded.
The gnoll bouda gazes fiercely through you!
You feel your attacks grow feeble. The gnoll hits you with a +0 spear.
You claw the gnoll!
You kill the gnoll!
Trog accepts your kill.
You miss something. Pain shoots through your body!
You completely miss something. Pain shoots through your body!
The gnoll bouda barks out a call to the hunt!
You claw something! The hound bites you but does no damage. Something hits you.
* * * LOW HITPOINT WARNING * * *
You writhe in agony.
* * * LOW HITPOINT WARNING * * *
You closely miss the hound. The hound bites you but does no damage.
The hound attacks as you move away! The hound closely misses you.
Something hits you.
* * * LOW HITPOINT WARNING * * *
Your attacks no longer feel as feeble.
The hound attacks as you move away! The hound bites you but does no damage.
A gnoll comes into view. It is wielding a +0 spear.
The gnoll moves out of view.
You scratch the hound.
The hound is lightly wounded.
The hound closely misses you. Something hits you.
* * * LOW HITPOINT WARNING * * *
The hound bites you.
* * * LOW HITPOINT WARNING * * *
The gnoll shouts!
You mangle the hound!!
You kill the hound!
Trog accepts your kill. Pain shoots through your body!
You die...

#.#.#.##.##
#........#
+..#......#
#..#.....##
##...##.## #...#
.# ####...# .
#+#....#)###..##
#.....††@..../.#
##....g.##.....#
#.....## #....#
##...## #....
#....)# .?..
#....... .g
.....##... .
.#..# ##... #.#
....


You could see a gnoll bouda and a gnoll (swift).

Vanquished Creatures
  Sigmund (D:3)
  An ice beast (D:5)
  A wolf (D:6)
  2 phantoms (D:4)
  Blork the orc (D:4)
  A gnoll sergeant (D:6)
  A jelly (D:4)
  3 hounds
  4 orc priests
  A gnoll bouda (D:4)
  Ijyb (D:4)
  3 iguanas
  4 orc wizards
  4 gnolls
  2 adders
  2 ufetubi (D:5)
  3 dart slugs
  22 orcs
  2 ball pythons
  6 endoplasms
  4 giant cockroaches
  6 goblins
  5 hobgoblins
  5 jackals
  3 quokkas
  A bat (D:3)
  2 frilled lizards
  6 kobolds
  2 rats
99 creatures vanquished.

Vanquished Creatures (others)
  An orc wizard (D:3)
1 creature vanquished.

Grand Total: 100 creatures vanquished

Notes
Turn   | Place    | Note
-------+----------+-------------------------------------------
     0 | D:1      | rottenturd the Troll Fighter began the quest for the Orb.
     0 | D:1      | Reached XP level 1. HP: 22/22 MP: 0/0
    90 | D:1      | Reached XP level 2. HP: 29/29 MP: 1/1
   235 | D:1      | Found a faded altar of an unknown god.
   633 | D:2      | Reached XP level 3. HP: 36/36 MP: 2/2
   734 | D:2      | Found the +0 pair of fencer's gloves {Riposte Dex+3}
   913 | D:3      | Reached XP level 4. HP: 34/45 MP: 3/3
   960 | D:3      | Reached skill level 3 in Unarmed Combat
   997 | D:3      | Reached XP level 5. HP: 51/53 MP: 4/4
  1194 | D:3      | Noticed Sigmund
  1206 | D:3      | Killed Sigmund
  1207 | D:3      | Reached skill level 4 in Unarmed Combat
  1207 | D:3      | Reached XP level 6. HP: 38/62 MP: 5/5
  1335 | D:4      | Noticed Blork the orc
  1351 | D:4      | Killed Blork the orc
  1352 | D:4      | Reached skill level 5 in Unarmed Combat
  1399 | D:4      | Reached XP level 7. HP: 17/68 MP: 6/6
  1543 | D:4      | Reached skill level 1 in Polearms
  1640 | D:4      | Noticed Ijyb
  1658 | D:4      | Killed Ijyb
  1783 | D:4      | Found a staircase to the Ecumenical Temple.
  1792 | Temple   | Entered the Ecumenical Temple
  1900 | Temple   | Became a worshipper of Trog the Wrathful
  2011 | D:4      | Reached skill level 6 in Unarmed Combat
  2240 | D:5      | Entered Level 5 of the Dungeon
  2711 | D:5      | Reached XP level 8. HP: 78/78 MP: 7/7
  2743 | D:6      | Noticed Grinder
  2756 | D:6      | Reached * piety under Trog
  2757 | D:6      | Reached skill level 7 in Unarmed Combat
  2771 | D:6      | Killed from afar by Grinder

Illustrated notes

Levels and vault maps discovered:
D:1:      nicolae_arrival_memento_mori, layout_loops_ring,
          shapermc_ecumenical_altar_starsandcircs
D:2:      wander_river, layout_basic, nrook_campfire
D:3:      layout_loops_cross, minitemple, kennysheep_boxes, uniq_sigmund
D:4:      layout_loops_ring, lemuel_temple_firewalk_b, uniq_ijyb,
          uniq_blork_the_orc
D:5:      layout_basic
D:6:      nicolae_cairo_tiling_very_big, layout_cave_pools, serial_gnoll_camp,
          gnoll_camp_mini_doghouse, gnoll_camp_mini_house, grums_kennel,
          gnoll_camp_mini_shop, gnoll_camp_huts_basic, gnoll_camp_mini_hut,
          uniq_grinder
Temple:   bh_familiar_temple

Skill      XL: |  1  2  3  4  5  6  7  8 |
---------------+-------------------------+-----
Shields        | 3 |  3.2
Fighting       | 3 4 |  4.1
Dodging        | 3 4 |  4.2
Unarmed Combat | 3 4 5 6 7 |  7.1
Polearms       | 2 |  2.2
Throwing       | |  0.1
Stealth        | |  0.6

Action                   |  1- 3 |  4- 6 |  7- 9 || total
-------------------------+-------+-------+-------++-------
Melee: Unarmed           |    58 |    55 |   111 ||   224
       Punch             |     2 |     1 |     2 ||     5
       Halberd           |       |    29 |       ||    29
Throw: Dart              |       |     1 |       ||     1
  Use: Scroll            |       |     1 |       ||     1
       Potion            |       |     3 |       ||     3
Armor: Robe              |    17 |    26 |    19 ||    62
Dodge: Dodged            |    15 |    32 |    46 ||    93
